 Dungeon Crawl Stone Soup version 0.20.0-1-g1cb1d84 (webtiles) character file.

1048 Gorglomux the Slicer (level 8, -1/69 HPs)
             Began as a Kobold Berserker on May 26, 2017.
             Was a Priest of Trog.
             Killed from afar by an electric eel (14 damage)
             ... with a bolt of electricity
             ... on level 8 of the Dungeon.
             The game lasted 00:04:30 (5043 turns).

Gorglomux the Slicer (Kobold Berserker)             Turns: 5043, Time: 00:04:31

Health: -1/69      AC:  5    Str: 19    XL:     8   Next: 50%
Magic:  8/8        EV: 14    Int:  9    God:    Trog [***...]
Gold:   269        SH:  0    Dex: 16    Spells: 7/7 levels left

rFire    + . .     SeeInvis .   V - +0 rapier
rCold    . . .     Gourm    .   (shield restricted)
rNeg     . . .     Faith    .   y - +0 ring mail
rPois    .         Spirit   .   (no helmet)
rElec    .         Reflect  .   (no cloak)
rCorr    .         Harm     .   (no gloves)
MR       .....                  (no boots)
Stlth    ..........             (no amulet)
Regen    0.3/turn               f - ring of protection from fire
MPRegen  0.2/turn               (no ring)

@: berserking, very quick
A: carnivore 3
a: Berserk, Trog's Hand, Burn Spellbooks, Renounce Religion


You were on level 8 of the Dungeon.
You worshipped Trog.
Trog was most pleased with you.
You were very full.

You visited 1 branch of the dungeon, and saw 8 of its levels.

You collected 269 gold pieces.

Inventory:

Hand Weapons
 a - a +0 short sword
 V - a +0 rapier (weapon)
Missiles
 Z - a throwing net (quivered)
Armour
 b - a +0 animal skin
 y - a +0 ring mail (worn)
 M - a +0 leather armour
Jewellery
 f - a ring of protection from fire (left hand)
 F - an uncursed ring of wizardry {unknown}
Wands
 I - a wand of iceblast (9/15)
 L - a wand of lightning (5/15)
Scrolls
 x - a scroll of fear {unknown}
 A - 5 scrolls of identify {unknown}
 B - 2 scrolls of enchant armour {unknown}
 E - a scroll of amnesia {unknown}
 G - 2 scrolls of magic mapping {unknown}
 J - a scroll of blinking {unknown}
 Q - a scroll of immolation {unknown}
 R - 2 scrolls of remove curse {unknown}
 Y - a scroll of noise {unknown}
Potions
 w - 2 potions of heal wounds {unknown}
 C - a potion of mutation {unknown}
 D - 5 potions of curing {unknown}
 H - 3 potions of agility {unknown}
 K - 2 potions of invisibility {unknown}
 O - a potion of haste {unknown}
 P - a potion of degeneration {unknown}
 S - a potion of might {unknown}
 T - 2 potions of resistance {unknown}
 U - a potion of berserk rage {unknown}
 W - a potion of brilliance {unknown}
 X - a potion of ambrosia {unknown}
Comestibles
 z - 5 meat rations
 N - 2 royal jellies


   Skills:
 - Level 3.2 Fighting
 + Level 12.5 Short Blades
 - Level 1.5 Armour
 - Level 2.4 Dodging


You had 7 spell levels left.
You didn't know any spells.

Dungeon Overview and Level Annotations

Branches:
Dungeon (9/15)             Temple (0/1) D:5
   Lair: D:8-11         Orc: D:9-12

Altars:
Ashenzari
Dithmenos
Makhleb
Okawaru
Qazlal
Sif Muna
The Shining One


Innate Abilities, Weirdness & Mutations

You are small and have problems with some larger weapons.
You are carnivorous and can eat meat at any time.


Message History

HP restored.
You open the door.
There is an open door here.
The electric eel shoots out a bolt of lightning at you!
The bolt of electricity hits you!
The electric eel shoots out a bolt of lightning at you!
The bolt of electricity hits you!
The electric eel shoots out a bolt of lightning at you!
The bolt of electricity hits the electric eel.
The electric eel completely resists.
The bolt of electricity hits you!
Found a ring mail.
A red film seems to cover your vision as you go berserk!
You feel yourself moving faster!
You feel mighty!
You feel a lot less full.
The electric eel shoots out a bolt of lightning at you!
The bolt of electricity hits you!
* * * LOW HITPOINT WARNING * * *
The electric eel shoots out a bolt of lightning at you!
The bolt of electricity hits the electric eel.
The electric eel completely resists.
The bolt of electricity hits you!
You die...

#.#.# #.........%..
#.#.####............
#...................
###.####............
######'################
#......$..# #.........#
#.........####
#.....@.......
#.....;≈≈.....
#....≈≈;≈.....
#.....≈≈..#...
#....≈≈≈≈.#...
#....≈≈...# ..
#....≈≈≈≈.# #....[≈≈≈.#


You could see 2 electric eels.

Vanquished Creatures
  The ghost of skittles the Firebug, an amateur DrFE of Vehumet (D:4)
  An orc warrior (D:5)
  A wyvern skeleton (D:8)
  A howler monkey (D:4)
  A crimson imp (D:3)
  A centaur skeleton (D:9)
  3 hounds
  An orc priest (D:5)
  4 orc wizards
  Terence (D:2)
  An iguana (D:8)
  2 worker ants (D:5)
  A hound skeleton (D:5)
  A worker ant zombie (D:8)
  6 gnolls
  10 adders
  A shadow imp (D:5)
  2 oozes (D:2)
  3 dart slugs
  3 leopard geckos
  4 orcs (D:5)
  2 giant cockroaches
  4 goblins
  9 hobgoblins
  10 jackals
  6 kobolds
  2 quokkas (D:5)
  3 ball pythons
  6 bats
  5 frilled lizards
  A leopard gecko skeleton (D:4)
  7 rats
104 creatures vanquished.

Notes
Turn   | Place    | Note
-------+----------+-------------------------------------------
     0 | D:1      | Gorglomux the Kobold Berserker began the quest for the Orb.
     0 | D:1      | Reached XP level 1. HP: 14/14 MP: 1/1
    34 | D:1      | Reached XP level 2. HP: 19/19 MP: 2/2
   158 | D:1      | Reached skill level 5 in Short Blades
   337 | D:1      | Reached XP level 3. HP: 19/23 MP: 3/3
  1105 | D:2      | Reached ** piety under Trog
  1176 | D:2      | Reached skill level 6 in Short Blades
  1178 | D:2      | Reached XP level 4. HP: 28/28 MP: 4/4
  1200 | D:2      | Noticed Terence
  1206 | D:2      | Killed Terence
  1410 | D:2      | Reached skill level 7 in Short Blades
  1410 | D:2      | Reached XP level 5. HP: 16/32 MP: 5/5
  2211 | D:3      | Found a shadowy altar of Dithmenos.
  2991 | D:3      | Reached skill level 8 in Short Blades
  2991 | D:3      | Reached XP level 6. HP: 30/37 MP: 6/6
  3106 | D:3      | Found a burning altar of Makhleb.
  3311 | D:4      | Reached skill level 9 in Short Blades
  3405 | D:4      | Found a shattered altar of Ashenzari.
  3419 | D:4      | Found an iron altar of Okawaru.
  3604 | D:4      | Noticed skittles's ghost (amateur DrFE)
  3619 | D:4      | Killed skittles's ghost
  3619 | D:4      | Reached skill level 10 in Short Blades
  3619 | D:4      | Reached XP level 7. HP: 41/41 MP: 7/7
  3669 | D:5      | Entered Level 5 of the Dungeon
  3671 | D:5      | Found a staircase to the Ecumenical Temple.
  3790 | D:5      | Found a stormy altar of Qazlal.
  3828 | D:5      | Reached skill level 11 in Short Blades
  3872 | D:5      | Found a glowing drain.
  3892 | D:5      | Reached XP level 8. HP: 42/46 MP: 8/8
  3917 | D:5      | Reached *** piety under Trog
  4164 | D:5      | Found a glowing golden altar of the Shining One.
  4376 | D:5      | Reached skill level 12 in Short Blades
  4548 | D:5      | Found a deep blue altar of Sif Muna.
  4658 | D:6      | You fall through a shaft for 3 floors!
  5043 | D:8      | Killed from afar by an electric eel

Skill      XL: |  1  2  3  4  5  6  7  8 |
---------------+-------------------------+-----
Short Blades   | 5 6 7 8 10 11 12 | 12.5
Fighting       | |  3.2
Armour         | |  1.5
Dodging        | |  2.4

Action                   |  1- 3 |  4- 6 |  7- 9 || total
-------------------------+-------+-------+-------++-------
Melee: Short sword       |   109 |   197 |       ||   306
       Rapier            |       |    17 |   158 ||   175
Invok: Berserk           |     2 |     8 |     8 ||    18
       Trog's Hand       |       |     2 |     3 ||     5
 Stab: Sleeping          |     4 |       |     1 ||     5
  Eat: Chunk             |    11 |    15 |    13 ||    39
Armor: Animal skin       |    13 |     5 |       ||    18
       Leather armour    |       |    22 |    16 ||    38
       Ring mail         |       |       |     3 ||     3
Dodge: Dodged            |    89 |   144 |   117 ||   350
